AoeStats
← infinityishan

Arena

510585534Analyzed
4v4 RM · 19h ago on Oct 1, 2026· 59m 30s· 8 players
Game mode
Random Map
Map size
Large (8 player)
Population
200
Speed
Normal
Resources
Standard
Victory
Conquest
Starting age
Dark Age
Ending age
Imperial Age
RankedLock teamsTeams togetherTeam positionsShared explorationLock speedFull tech treeHidden civsTurbo modeCheats
Victory
Defeat
🇦🇹 Britons · Austria
595
+13
🇮🇳 Slavs · India
568
+14
🇮🇳 Huns · India
565
+14
🇩🇪 Turks · Germany
511
+17
🇹🇷 Khmer · Türkiye
604
-17
🇺🇸 Poles · United States
571
-16
🇳🇱 Goths · Netherlands
557
-16
🇩🇪 Burgundians · Germany
378
-9
the CLAMP GOD 1
14:31 Feudal Age
15:21 Double-Bit Axe
18:18 Scale Barding Armor
25:42 Castle Age
27:00 Bow Saw
28:14 Chain Barding Armor
28:05 Forging
27:20 Light Cavalry
28:11 Bloodlines
31:05 Iron Casting
30:21 Fletching
30:32 Padded Archer Armor
31:32 Scale Mail Armor
30:57 Pikeman
34:54 Imperial Age
KrawatteFaser37
0:45 Loom
3:34 Double-Bit Axe
8:26 Wheelbarrow
14:22 Feudal Age
16:46 Horse Collar
16:54 Man-at-Arms
17:20 Arson
17:41 Heavy Plow
19:08 Town Watch
21:29 Bow Saw
21:23 Fletching
21:34 Padded Archer Armor
31:07 Castle Age
30:12 Forging
30:08 Scale Barding Armor
StephTheDonut
11:31 Feudal Age
12:04 Double-Bit Axe
13:06 Wheelbarrow
12:14 Horse Collar
12:08 Man-at-Arms
16:30 Town Watch
16:40 Fletching
16:51 Padded Archer Armor
19:29 Gold Mining
21:40 Scale Mail Armor
21:52 Forging
26:19 Castle Age
27:42 Long Swordsman
28:26 Squires
Floki
10:44 Feudal Age
12:34 Wheelbarrow
12:39 Double-Bit Axe
13:32 Horse Collar
20:05 Castle Age
19:23 Forging
19:19 Scale Barding Armor
19:38 Fletching
20:05 Padded Archer Armor
22:11 Heavy Plow
22:24 Bow Saw
24:26 Hand Cart
26:03 Loom
27:10 Chain Barding Armor
27:37 Iron Casting
30:27 Husbandry
30:38 Bloodlines
29:49 Light Cavalry
33:37 Leather Archer Armor
33:17 Bodkin Arrow
35:55 Imperial Age
39:26 Elite Battle Elephant
46:28 Tusk Swords
BuffelBurak
6:05 Loom
15:45 Feudal Age
16:38 Man-at-Arms
17:07 Arson
17:13 Horse Collar
17:22 Double-Bit Axe
17:38 Gold Mining
17:49 Stone Mining
20:55 Wheelbarrow
20:06 Town Watch
23:59 Castle Age
25:55 Coinage
25:27 Caravan
24:58 Long Swordsman
26:00 Squires
31:41 Scale Barding Armor
31:37 Scale Mail Armor
32:44 Bow Saw
32:40 Heavy Plow
33:22 Gold Shaft Mining
34:38 Chain Barding Armor
34:34 Chain Mail Armor
34:30 Forging
34:11 Fletching
34:32 Padded Archer Armor
42:29 Bloodlines
48:29 Imperial Age
52:06 Hand Cart
51:51 Town Patrol
creutzfeld_jakob
10:51 Loom
13:16 Feudal Age
14:09 Horse Collar
14:17 Double-Bit Axe
17:44 Gold Mining
21:45 Castle Age
20:03 Stone Mining
21:09 Forging
23:17 Iron Casting
23:07 Bow Saw
23:30 Fletching
27:27 Heavy Plow
28:08 Caravan
29:13 Gold Shaft Mining
29:13 Bodkin Arrow
30:22 Fervor
31:34 Wheelbarrow
30:45 Town Watch
31:48 Padded Archer Armor
31:51 Scale Mail Armor
34:05 Arson
34:21 Squires
33:42 Pikeman
34:08 Gambesons
34:26 Elite Skirmisher
36:32 Leather Archer Armor
36:33 Chain Mail Armor
38:53 Imperial Age
36:42 Hand Cart
36:28 Town Patrol
37:53 Heated Shot
38:24 Ballistics
38:15 Fortified Wall
38:49 Murder Holes
39:56 Conscription
39:05 Elite Longbowman
41:13 Two-Man Saw
42:20 Blast Furnace
41:22 Bracer
41:52 Ring Archer Armor
43:21 Chemistry
45:07 Ring Archer Armor
45:54 Halberdier
47:22 Guard Tower
48:07 Plate Mail Armor
48:38 Hoardings
56:07 Yeomen
infinityishan
3:38 Loom
14:59 Feudal Age
16:28 Horse Collar
18:23 Wheelbarrow
21:55 Double-Bit Axe
28:53 Castle Age
29:39 Heavy Plow
30:04 Bow Saw
34:23 Husbandry
34:36 Bloodlines
33:47 Light Cavalry
36:57 Hand Cart
37:05 Gold Mining
41:59 Scale Barding Armor
41:54 Scale Mail Armor
42:06 Forging
41:57 Padded Archer Armor
41:47 Fletching
45:15 Pikeman
45:56 Squires
45:42 Arson
49:16 Squires
50:06 Arson
hangover
0:37 Loom
11:51 Feudal Age
12:54 Horse Collar
13:06 Double-Bit Axe
15:48 Gold Mining
15:51 Stone Mining
22:03 Castle Age
22:05 Pikeman
24:56 Detinets
24:26 Man-at-Arms
25:06 Squires
36:58 Bow Saw
41:05 Heavy Plow
44:04 Imperial Age
44:27 Elite Boyar
48:55 Chemistry
48:06 Scale Barding Armor
48:08 Halberdier
50:00 Capped Ram
52:08 Siege Ram
55:17 Chain Barding Armor
54:59 Scale Mail Armor
59:52 Illumination
60:03 Theocracy
59:28 Devotion
59:49 Sanctity
59:25 Herbal Medicine
59:57 Conscription
59:38 Druzhina
Connection lost

Rejoining the realm…

Still unreachable

The connection could not be restored.

Session expired

The server has moved on; the page needs a fresh start.